 Dungeon Crawl Stone Soup version 0.31-a0-702-gf82c85558f (webtiles) character file.

Game seed: 4846914823662451389

3159 randomguy2701 the Cleaver (level 9, -2/81 HPs)
             Began as a Hill Orc Fighter on Sept 8, 2023.
             Was a Priest of Beogh.
             Slain by an unseen horror (4 damage)
             ... on level 6 of the Dungeon.
             The game lasted 00:07:23 (6014 turns).

randomguy2701 the Cleaver (Hill Orc Fighter)        Turns: 6014, Time: 00:07:24

Health: -2/81      AC: 10    Str: 27    XL:     9   Next: 94%
Magic:  9/9        EV: 11    Int:  8    God:    Beogh [***...]
Gold:   310        SH:  6    Dex: 18    Spells: 8/8 levels left

rFire   + . .        a - +0 war axe
rCold   . . .        c - +0 buckler
rNeg    . . .        t - +1 scale mail of Cearre {rF+ rCorr}
rPois   .            i - +1 hat
rElec   .            (no cloak)
rCorr   +            (no gloves)
SInv    .            (no boots)
Will    .....        (no amulet) Stlth
                     m - +6 ring of strength
HPRegen 0.33/turn    n - +6 ring of dexterity
MPRegen 0.11/turn

%: no passive effects
@: no status effects
A: no striking features
a: Renounce Religion, Smiting


You were on level 6 of the Dungeon.
You worshipped Beogh.
Beogh was most pleased with you.
You visited 1 branch of the dungeon, and saw 6 of its levels.
You also visited: Ossuary.

You collected 310 gold pieces.

Inventory:

Hand Weapons
 a - a +0 war axe (weapon)
Armour
 c - a +0 buckler (worn)
 i - a +1 hat (worn)
 t - the +1 scale mail of Cearre (worn) {rF+ rCorr}
   (You found it on level 4 of the Dungeon)

   rF+:       It protects you from fire.
   rCorr:     It protects you from acid and corrosion.
Jewellery
 m - a +6 ring of strength (left hand)
 n - a +6 ring of dexterity (right hand)
 z - an amulet of reflection
Wands
 v - a wand of roots (24)
 x - a wand of digging (1)
Scrolls
 e - 2 scrolls of fear {unknown}
 f - a scroll of brand weapon {unknown}
 g - a scroll of enchant weapon {unknown}
 h - 8 scrolls of identify {unknown}
 k - 5 scrolls of revelation {unknown}
 q - 7 scrolls of fog {unknown}
 r - 2 scrolls of teleportation {unknown}
 u - a scroll of amnesia {unknown}
 w - a scroll of vulnerability {unknown}
 y - a scroll of blinking {unknown}
Potions
 b - a potion of mutation {unknown}
 d - 4 potions of might
 j - a potion of degeneration
 l - a potion of heal wounds
 o - a potion of haste {unknown}
 p - 3 potions of curing {unknown}
 s - 3 potions of attraction {unknown}


   Skills:
 + Level 8.1 Fighting
 + Level 11.9 Axes
 + Level 7.4 Armour
 + Level 2.4 Dodging
 + Level 0.4 Stealth
 + Level 5.7 Shields


You had 8 spell levels left.
You didn't know any spells.
Your spell library contained the following spells:

 Spells                   Type           Power      Damage    Failure   Level
 Apportation              Tloc           0%         N/A       71%         1
 Necrotise                Necr           0%         1d4       71%         1
 Summon Small Mammal      Summ           0%         N/A       71%         1
 Inner Flame              Hex/Fire       0%         N/A       97%         3
 Yara's Violent Unravell  Hex/Tmut       0%         3d3       100%        5
 Enfeeble                 Hex            0%         N/A       100%        7


Dungeon Overview and Level Annotations

Branches:
Dungeon (6/15)             Temple (0/1) D:5         Ossuary (visited)

Altars:
Cheibriados
Elyvilon
Fedhas
Gozag
Nemelex Xobeh
Ru
Zin

Annotations:
D:5 2 transporters, Sirjeffry24's ghost, amateur HuHu


Message History

Something hits you.
You miss something.
Something hits you but does no damage. x2
You closely miss something. Something hits you!
Something hits you but does no damage. x2
You closely miss something. Something hits you.
You hit something. Something hits you. Something hits you but does no damage.
You slash something! Something hits you but does no damage.
Something hits you but does no damage.
Things that are here:
a +1 whip of freezing; a +2 robe of cold resistance; the kobold corpse of Pikel Something hits you but does no damage.
Something hits you.
* * * LOW HITPOINT WARNING * * *
You hit something but do no damage. Something hits you.
* * * LOW HITPOINT WARNING * * *
Something hits you but does no damage. Something hits you but does no damage.
Things that are here:
a +1 whip of freezing; a +2 robe of cold resistance; the kobold corpse of Pikel Something hits you but does no damage.
Things that are here:
a +1 whip of freezing; a +2 robe of cold resistance; the kobold corpse of Pikel You hit something but do no damage.
Something hits you. Something hits you but does no damage.
You hit something. Something hits you.
* * * LOW HITPOINT WARNING * * *
Something hits you but does no damage.
You closely miss something. You block something's attack.
Something hits you but does no damage. Something hits you but does no damage.
Something hits you.
* * * LOW HITPOINT WARNING * * *
Something hits you.
* * * LOW HITPOINT WARNING * * *
Something hits you but does no damage. Something hits you.
* * * LOW HITPOINT WARNING * * *
Something hits you!
* * * LOW HITPOINT WARNING * * *
There is a stone staircase leading up, spattered with blood here.
Something hits you but does no damage. Something hits you.
You die...

################ #.........†....[
###+######### #.##############
.......)....###.##############
............)...............>#
............#.#.########.###.#
............#.#.# #......
###...........#+##### #..##..
#########..@......# #..##.P
#####.##......####..##.P
#......+............##.P
##########.###..#......#####.##.P
##......##...............)..)....
##.####.#######..#.#####.........
##.####.# #####.#.## #.....(...
##.##<#.# #........# #...).....
##.##...## #.######.## #........#


There were no monsters in sight!

Vanquished Creatures
  Pikel (D:6)
  A water moccasin (D:5)
  A black bear (D:4)
  2 ogres
  A phantom (D:4)
  A bullfrog (D:5)
  13 scorpions
  3 wights (D:6)
  A howler monkey (D:5)
  3 centaur zombies (Ossuary)
  A jelly (D:5)
  6 hounds
  An orc priest (D:5)
  3 human zombies (Ossuary)
  A sleepcap (D:4)
  Natasha (thrice) (D:2)
  7 iguanas
  4 scorpion zombies (Ossuary)
  3 orc wizards
  3 mummies (Ossuary)
  Robin (D:2)
  6 gnolls
  14 adders
  A shadow imp (D:6)
  A white imp (D:5)
  A worm (D:2)
  A dart slug (D:4)
  13 orcs
  5 ball pythons
  3 bats
  5 endoplasms
  4 giant cockroaches
  3 gnoll zombies (Ossuary)
  11 goblins
  6 hobgoblins
  3 jackals (D:5)
  4 kobolds
  2 quokkas
  3 goblin zombies
  4 hobgoblin zombies (Ossuary)
  3 orc zombies (Ossuary)
  A quokka zombie (D:4)
  6 rats
160 creatures vanquished.

Vanquished Creatures (others)
  An orc (D:6)
1 creature vanquished.

Grand Total: 161 creatures vanquished

Notes
Turn   | Place    | Note
-------+----------+-------------------------------------------
     0 | D:1      | randomguy2701 the Hill Orc Fighter began the quest for the
                  | Orb.
     0 | D:1      | Reached XP level 1. HP: 19/19 MP: 1/1
   331 | D:1      | Reached XP level 2. HP: 27/27 MP: 2/2
   431 | D:2      | Noticed Robin
   453 | D:2      | Reached skill level 3 in Axes
   461 | D:2      | Killed Robin
   462 | D:2      | Reached XP level 3. HP: 17/33 MP: 3/3
   554 | D:2      | Noticed Natasha
   562 | D:2      | Killed Natasha
   563 | D:2      | Reached XP level 4. HP: 16/40 MP: 4/4
   600 | D:2      | Noticed Natasha
   607 | D:2      | Killed Natasha
   707 | D:2      | Reached skill level 4 in Axes
   762 | D:2      | Noticed Natasha
   774 | D:2      | Killed Natasha
   775 | D:2      | Reached XP level 5. HP: 36/47 MP: 5/5
  1233 | D:3      | Became a worshipper of Beogh the Brigand
  1271 | D:3      | Found a white marble altar of Elyvilon.
  1581 | D:3      | Reached XP level 6. HP: 45/53 MP: 6/6
  1671 | D:3      | Reached skill level 5 in Axes
  1768 | D:3      | Reached * piety under Beogh
  2170 | D:4      | Reached skill level 5 in Fighting
  2187 | D:4      | Identified the +1 scale mail of Cearre {rF+ rCorr}
  2362 | D:4      | Reached skill level 6 in Axes
  2362 | D:4      | Reached XP level 7. HP: 26/61 MP: 7/7
  2625 | D:4      | Identified the +9 plate armour of Farfalle {Regen+ MP+9
                  | Dex+7 Stlth+}
  2762 | D:4      | Found a sand-covered staircase.
  2769 | Ossuary  | Entered an ossuary
  2787 | Ossuary  | Reached skill level 5 in Armour
  2794 | Ossuary  | Reached skill level 1 in Dodging
  2794 | Ossuary  | HP: 3/61 [poisoned by a scorpion]
  2958 | Ossuary  | Reached ** piety under Beogh
  2959 | Ossuary  | Reached skill level 7 in Axes
  3048 | Ossuary  | Reached XP level 8. HP: 26/70 MP: 8/8
  3227 | Ossuary  | Reached skill level 8 in Axes
  3519 | Ossuary  | Reached skill level 9 in Axes
  3951 | D:4      | Reached skill level 10 in Axes
  3957 | D:4      | Reached XP level 9. HP: 75/78 MP: 9/9
  4031 | D:4      | Reached skill level 5 in Shields
  4331 | D:5      | Entered Level 5 of the Dungeon
  4358 | D:5      | Found a glowing silver altar of Zin.
  4387 | D:5      | Found a transporter.
  4387 | D:5      | Noticed Sirjeffry24's ghost (amateur HuHu)
  4391 | D:5      | Found a transporter.
  4515 | D:5      | Found an opulent altar of Gozag.
  4627 | D:5      | Found a sacrificial altar of Ru.
  4668 | D:5      | Reached *** piety under Beogh
  4854 | D:5      | Found a staircase to the Ecumenical Temple.
  5559 | D:6      | Found a snail-covered altar of Cheibriados.
  5562 | D:6      | Found a blossoming altar of Fedhas.
  5644 | D:6      | Reached skill level 11 in Axes
  5730 | D:6      | Found a sparkling altar of Nemelex Xobeh.
  5964 | D:6      | Noticed Pikel
  5985 | D:6      | Killed Pikel
  6013 | D:6      | HP: 2/81 [something (8)]
  6014 | D:6      | Slain by an unseen horror

Illustrated notes

Levels and vault maps discovered:
D:1:      wander_arrival_fairy_ring, layout_basic
D:2:      layout_rooms, serial_rivers, chequers_serial_rivers_room_b,
          chequers_serial_rivers_large_b, chequers_serial_rivers_small_a,
          chequers_serial_rivers_small_a, chequers_serial_rivers_room_a,
          nicolae_the_louvre, uniq_robin, uniq_natasha
D:3:      layout_basic, elyvilon_altar_1, minmay_increasing_density
D:4:      cheibrodos_old_hovel, layout_gridville, enter_ossuary_4, minmay_vboxes
D:5:      layout_loops_corners, pdpol_temple_overflow_zin_treasury_gozag_greed,
          nicolae_ru_path_of_blood, minmay_temple_entry_fiery,
          gammafunk_ghost_mausoleum, minmay_misc_feat_enclosed, minivault_24,
          minmay_crystal_room, kennysheep_decorative_pillar
D:6:      layout_basic, nemelex_dance_club_becter, nicolae_overflow_squiral,
          dreamdust_gnoll_farm, uniq_pikel

Skill      XL: |  1  2  3  4  5  6  7  8  9 |
---------------+----------------------------+-----
Fighting       | 4 5 6 8 |  8.1
Axes           | 3 4 6 7 10 11 | 11.9
Shields        | 4 5 |  5.7
Armour         | 4 5 6 7 |  7.4
Dodging        | 1 2 |  2.4
Stealth        | |  0.4

Action                     |  1- 3 |  4- 6 |  7- 9 || total
---------------------------+-------+-------+-------++-------
  Melee: War axe           |    59 |   139 |   335 ||   533
 Invoke: Convert to Beogh  |       |     1 |       ||     1
    Use: Potion            |       |       |     2 ||     2
 Armour: Scale mail        |    51 |   112 |   237 ||   400
  Dodge: Dodged            |    28 |    74 |   149 ||   251
  Block: Buckler           |    10 |    46 |    80 ||   136

Table legend: (Time is in decaauts)
 A = Elapsed time spent in this place.
 B = Non-inter-level travel time spent in this place.
 C = Inter-level travel time spent in this place.
 D = Time resting spent in this place.
 E = Time spent auto-exploring this place.
 F = Levels seen in this place.
 G = Mean time per level.
                   A        B        C        D        E       F      G
               +--------+--------+--------+--------+--------+-----+--------+
         Total |   6151 |   6034 |    117 |      0 |   4913 |   7 |  878.7 |
       Dungeon |   5155 |   5038 |    117 |      0 |   4186 |   6 |  859.2 |
       Ossuary |    996 |    996 |      0 |      0 |    727 |   1 |  996.0 |
               +--------+--------+--------+--------+--------+-----+--------+

Top non-repeatable levels by time:
     D:4: 1221 daAuts
     D:5: 1047 daAuts
 Ossuary: 996 daAuts
     D:2: 935 daAuts
     D:3: 934 daAuts
     D:6: 632 daAuts
     D:1: 384 daAuts
